[Event "11th Festival Palmanova-A 2022"]
[Site "Strassoldo"]
[Date "2022.12.08"]
[Round "1.8"]
[White "Kalosha, Zhiulien Oleksii"]
[Black "Ceschia, Ivano"]
[Result "0-1"]
[ECO "B33"]
[WhiteElo "2092"]
[BlackElo "2217"]
[Annotator "TA"]
[PlyCount "70"]
[EventDate "2022.12.08"]
[EventType "swiss"]
[EventCountry "ITA"]
[SourceTitle "playchess.com"]
[Source "ChessBase"]
[SourceQuality "1"]
[TimeControl "5400+30"]

1. e4 c5 2. Nf3 Nc6 3. d4 cxd4 4. Nxd4 Qb6 5. Nb3 Nf6 6. Nc3 e6 7. Be3 Qc7 8. a3 a6 9. Be2 d6 {[%emt 0:14:36] B33: Sicilian: Pelikan and Sveshnikov Variations.} 10. O-O (10. g4 $14 {is more appropriate.}) 10... Bd7 11. f4 {[%emt 0:03:51] [#]} Be7 $146 {[%emt 0:12:19] White is slightly better.} ({Predecessor:} 11... b5 12. Qd3 Rd8 13. Rad1 Be7 14. Rd2 Bc8 15. Rfd1 O-O 16. Bf3 Bb7 17. f5 Ne5 18. Qd4 exf5 19. Nd5 Nxd5 20. exd5 Bf6 21. Qb6 Nc4 22. Qxc7 {1-0 (22) Gee,G (1209)-Popp,T (1339) IECC email 2000}) 12. Bf3 Na5 13. Nxa5 Qxa5 14. Qe1 Bc6 15. Qf2 {[%emt 0:05:38] Bb6 is the strong threat.} Nd7 {[%emt 0:00:22] Against Bb6} 16. Rad1 Rc8 17. g4 Qc7 18. g5 O-O 19. Bg4 Nc5 {[%emt 0:04:06] [#]} (19... Rce8 $11) 20. Bf3 (20. f5 $1 $16 ) 20... f5 21. gxf6 Bxf6 22. Qg2 (22. Bd4 $15) 22... Na4 (22... Bxc3 $17 23. bxc3 Rf6) 23. Bg4 Rce8 24. Nxa4 Bxa4 25. b3 Bc6 26. Bf3 b5 27. Kh1 Bb2 (27... Bc3 {feels hotter.} 28. Rg1 a5 29. Rd3 b4) 28. Bc1 $2 {[%emt 0:00:33] White does not recover from this.} (28. b4 $11 Bxa3 29. c3) 28... Bxc1 $19 29. Rxc1 Rxf4 30. Rce1 Ref8 {[%emt 0:01:36][%cal Be8f8,Bf8f4,Bf4f2][%mdl 32] Hoping for ...Qf7.} 31. Qh3 Qf7 32. Bg2 Qg6 {[%emt 0:01:46] Strongly threatening ...Rxf1+.} 33. Rxf4 Rxf4 34. Qc3 (34. Qe3 {was called for.} Rg4 35. Bf3) 34... Rf2 $1 ({Don't take} 34... Bxe4 35. Bxe4 Qe8 36. Qd3 $18) 35. Rg1 {[%emt 0:01:03] [#]} (35. Bf3 $19 Qf6 36. Qxf6 gxf6 37. Bd1) 35... Qxg2+ $3 {[%emt 0:00:20][%mdl 512] Weighted Error Value: White=0.57/Black=0.25 (precise)} 0-1

[Event "11th Festival Palmanova-A 2022"]
[Site "Strassoldo"]
[Date "2022.12.08"]
[Round "1.9"]
[White "Iolis, Oleg"]
[Black "Privitera, Franco"]
[Result "1-0"]
[ECO "C02"]
[WhiteElo "2212"]
[BlackElo "1945"]
[Annotator "TA"]
[PlyCount "75"]
[EventDate "2022.12.08"]
[EventType "swiss"]
[EventCountry "ITA"]
[SourceTitle "playchess.com"]
[Source "ChessBase"]
[SourceQuality "1"]
[TimeControl "5400+30"]

1. e4 e6 2. d4 d5 3. e5 Qd7 4. Nf3 b6 5. Be2 Ba6 6. O-O {[%emt 0:00:04] C02: French: Advance Variation.} Bxe2 7. Qxe2 c5 8. c4 {[%emt 0:00:08] White is better.} cxd4 9. Nxd4 {[%emt 0:02:02] White is more active.} (9. cxd5 $16 {Black must now prevent d6.} Qxd5 10. Rd1) 9... Bc5 $14 10. Nb3 {[%emt 0:04:56] [#]} Ne7 $146 ({Predecessor:} 10... d4 11. Rd1 Nc6 12. Nc3 f6 13. Nxc5 bxc5 14. Ne4 Nxe5 15. Nxc5 Qc6 {1-0 (48) Sedina,E (2398)-Debailleul,P Bethune 1999}) 11. Nc3 (11. Bg5 {seems wilder.} Nbc6 12. Nc3 dxc4 13. Rfd1) 11... Bb4 12. cxd5 Bxc3 (12... exd5 $14 13. Bg5 Nbc6) 13. dxe6 $1 $16 Qxe6 14. bxc3 Nbc6 15. f4 O-O 16. Ba3 Rfd8 {[%emt 0:02:31] Inhibits f5.} 17. Bxe7 Qxe7 18. Rad1 g6 {[%emt 0:02:07] [#]} (18... Rxd1 $16 19. Rxd1 Rd8) 19. h3 (19. Nd2 $1 $18 {has better winning chances.}) 19... Rac8 (19... Rxd1 $142 20. Rxd1 Rd8) 20. Kh1 (20. Nd2 $142) 20... Qh4 (20... Rxd1 $16 21. Rxd1 Rd8) 21. Qf3 Ne7 (21... Qe7 $16 {was necessary.} 22. Nd2 Qe6) 22. Rxd8+ Rxd8 23. Nd4 Rd5 24. f5 (24. Qe4 $18 {and White stays clearly on top.}) 24... gxf5 25. Nxf5 Nxf5 26. Qxf5 {[%emt 0:00:14][%mdl 4096] Endgame KQR-KQR} Qe7 27. Re1 Qe6 28. Qe4 Rc5 29. Re3 Rd5 30. c4 (30. Qh4 {looks sharper.} h6 31. c4 Rd1+ 32. Kh2) 30... Rc5 31. Qd4 (31. Qh4 {feels hotter.} Rc8 32. Rd3 Re8 33. Rd5) 31... h6 $2 (31... Rc8 $16) 32. Re4 $2 (32. Rg3+ $18 {is the precise move to win.} Kf8 33. Qd8+ Qe8 34. Qd6+ Qe7 {[#]} 35. Rg8+ $3 Kxg8 36. Qxe7) 32... Rc8 33. Rg4+ Kh7 34. Rf4 {[%emt 0:00:44] Strongly threatening Qd3+.} Kg7 35. Rg4+ (35. Qf2 $16 Rc5 36. Rf6) 35... Kh8 (35... Kh7 $1 $11 {remains equal.}) 36. Qd6 Re8 37. Rd4 ({White should play} 37. Qd2 $16) 37... Qxe5 $2 (37... Kg7 $11) 38. Qxh6+ {[%emt 0:00:09] Weighted Error Value: White=0.39/Black=0.37} 1-0

[Event "11th Festival Palmanova-A 2022"]
[Site "Strassoldo"]
[Date "2022.12.08"]
[Round "1.10"]
[White "Persico, Lorenzo"]
[Black "Hercegovac, Neven"]
[Result "1/2-1/2"]
[ECO "B77"]
[WhiteElo "1930"]
[BlackElo "2230"]
[Annotator "TA"]
[PlyCount "136"]
[EventDate "2022.12.08"]
[EventType "swiss"]
[EventCountry "ITA"]
[SourceTitle "playchess.com"]
[Source "ChessBase"]
[SourceQuality "1"]
[TimeControl "5400+30"]

1. e4 c5 2. Nf3 Nc6 3. d4 cxd4 4. Nxd4 g6 5. Nc3 Bg7 6. Be3 Nf6 7. Bc4 O-O 8. Bb3 d6 9. f3 Qa5 10. Qd2 Nxd4 11. Bxd4 Be6 12. O-O-O b5 13. Kb1 {[%emt 0:00:31] B77: Sicilian Dragon: Yugoslav Attack, 9 Bc4 sidelines.} b4 14. Ne2 Bxb3 15. cxb3 e5 16. Be3 (16. Bf2 $5 ) 16... Rfd8 (16... d5 {keeps more tension.} 17. exd5 Rfd8 18. Bg5 Rxd5 19. Qc1 Rc5) 17. Bg5 d5 18. Bxf6 Bxf6 19. exd5 {[%emt 0:00:18] [#]} Rd7 $146 ({Predecessor:} 19... Rd6 20. a3 Rad8 21. Qxb4 Qxb4 22. axb4 Rxd5 23. Rxd5 Rxd5 24. Nc3 Rd4 25. Kc2 Bg5 {1-0 (38) Kanarek,M (2406)-Belous,V (2414) Moscow 2009}) 20. Ng3 Rad8 21. d6 Bg7 $1 22. Ne4 f5 23. Ng5 Bh6 {[%emt 0:01:25] Threatens to win with ...Rxd6.} (23... Bf6 {simplifies} 24. Qc1 Bxg5 25. Qxg5 Rxd6 26. Rxd6 Rxd6 27. Rc1 Qd8) 24. h4 $36 {[%emt 0:00:43][%mdl 2048] White has the initiative.} Bxg5 25. hxg5 Qc5 26. Qd5+ Qxd5 27. Rxd5 Rxd6 28. Rxe5 Rd1+ 29. Rxd1 Rxd1+ $14 {[%emt 0:00:06][%mdl 4096] Endgame KR-KR} 30. Kc2 Ra1 31. Ra5 Rg1 32. f4 {[%emt 0:05:42] Kd3 is the strong threat.} Rxg2+ 33. Kd3 Rxb2 (33... h6 $11 {remains equal.}) 34. Rxa7 $16 Rf2 35. Ke3 Rf1 {[%emt 0:01:13] [#]} 36. Ra4 $1 {[%emt 0:00:55] White is more active.} Re1+ {[%emt 0:00:15] [#]} (36... Ra1 $142) 37. Kf3 $2 ({Only move:} 37. Kd4 $1 $16) 37... Re4 $11 38. Ra7 Rd4 39. Rc7 Rd3+ 40. Ke2 Rh3 41. Rc4 h6 (41... h5 $11) 42. gxh6 ({White should try} 42. Rxb4 $14 Rh2+ 43. Kf3) 42... Rxh6 {[%emt 0:00:07] The position is equal.} 43. Rxb4 {[%emt 0:02:13] Hoping for a4.} Rh2+ 44. Ke3 Rxa2 45. Rb7 Ra1 46. Kd4 {[%emt 0:01:20] Black must now prevent b4.} Re1 47. Kc5 (47. b4 $5 Re4+ $8 48. Kc3 Re3+ 49. Kd2 $11) 47... Re4 48. Rb4 {[%emt 0:00:44] White wants to mate with Rxe4.} Re3 49. Rb7 Re4 50. Rb4 {[%emt 0:00:06] White threatens Rxe4 and mate.} Re3 51. Kd4 Re4+ 52. Kc3 {[%emt 0:00:06] Strongly threatening Rxe4.} Re3+ 53. Kd2 Rf3 54. Ke2 Rg3 55. Rb5 Kf7 56. Kf2 Rd3 57. Rb8 Kf6 58. b4 Rb3 59. b5 Ke6 60. b6 Kd7 61. b7 Kc7 62. Rg8 Kxb7 63. Rxg6 Kc7 64. Re6 Rb5 (64... Kd7 $5 65. Re5 Rc3 $11) 65. Kg3 Kd7 66. Re3 Rb6 67. Kf3 Re6 68. Rd3+ Ke7 {[%emt 0:00:07] Weighted Error Value: White=0.11 (very precise) /Black=0.12 (very precise)} 1/2-1/2

[Event "11th Festival Palmanova-A 2022"]
[Site "Strassoldo"]
[Date "2022.12.08"]
[Round "1.11"]
[White "Bardone, Lorenzo"]
[Black "Ranfagni, Stefano"]
[Result "0-1"]
[ECO "A90"]
[WhiteElo "2215"]
[BlackElo "1934"]
[Annotator "TA"]
[PlyCount "94"]
[EventDate "2022.12.08"]
[EventType "swiss"]
[EventCountry "ITA"]
[SourceTitle "playchess.com"]
[Source "ChessBase"]
[SourceQuality "1"]
[TimeControl "5400+30"]

1. d4 e6 2. c4 f5 3. g3 Nf6 4. Bg2 c6 5. Nf3 d5 6. O-O Bd6 7. b3 Qe7 8. a4 O-O 9. Ba3 Bxa3 10. Nxa3 a5 11. Nc2 Nbd7 12. cxd5 {[%emt 0:15:00] A90: Dutch Defence: Miscellaneous and Modern Stonewall (with ...Bd6).} exd5 13. Nce1 Ne4 14. Nd3 {[%emt 0:11:12] The position is equal.} b6 {[%emt 0:04:56] [#]} 15. Qc2 $146 ({Predecessor:} 15. Rc1 Bb7 16. Nfe5 Nxe5 17. Nxe5 c5 18. f4 Rfd8 19. e3 Qe6 20. Bh3 Ba6 21. Re1 {0-1 (68) Koksal,E (2198)-Cheng,B (2358) Istanbul 2012}) 15... Bb7 16. Rfd1 Rac8 17. Qb2 Rfe8 18. b4 axb4 19. Nxb4 Nd6 20. e3 Nc4 21. Qb3 Nf6 22. Nd2 Na5 23. Qb1 Ne4 24. Bxe4 (24. Nd3 $1 $11 {remains equal.}) 24... fxe4 $17 25. Nc2 Qc7 26. Ne1 Ba6 {[%emt 0:05:00] Black is more active.} 27. Qa2 {[%emt 0:01:36] This costs White the game.} (27. Nb3 $17) 27... Qf7 $19 28. Nf1 Bc4 29. Qb2 Rf8 30. f4 $2 (30. h4 {keeps fighting.}) 30... exf3 31. Kf2 (31. Qf2 $142 Be2 32. Nd2) 31... Bxf1 32. Kxf1 Nc4 33. Qf2 Nd6 34. Nd3 Ne4 35. Qb2 Qh5 36. Nf4 {[%emt 0:01:17] [#] Against f2} Rxf4 $1 37. gxf4 (37. exf4 Qh3+) 37... Qh3+ 38. Ke1 f2+ {[%emt 0:00:56][%mdl 64] Discovered Attack} 39. Ke2 Qxh2 (39... f1=B+ $142 40. Rxf1 Qg2+ 41. Ke1 Qxb2 42. Rf3 Qxa1+ 43. Ke2 Qg1 44. h4 Qg2+ 45. Ke1 Qxf3 46. h5 Qxe3+ 47. Kf1 Qf2#) 40. Rf1 c5 {[%emt 0:03:41] [#] ( -> ...Qh5+)} 41. Kd3 cxd4 42. Rac1 Nc5+ 43. Ke2 Qh5+ {[%emt 0:00:55] Black mates.} (43... Nxa4 44. Rxc8+ Kf7 45. Rc7+ Ke6 46. Qxd4 Qh5+ 47. Kd2 Nc5 48. Qxg7 (48. Rxg7 $2 Nb3+ 49. Kc3 Nxd4 $19) 48... Nb3+ 49. Kc3) 44. Kd2 dxe3+ (44... Nxa4 45. Rxc8+ Kf7 46. Qxd4 Nc5 47. Rc7+ (47. Rxf2 $2 {too greedy.} Nb3+ 48. Kc3 Nxd4 $19) 47... Ke6 48. Qxg7 (48. Rxg7 $2 Nb3+ 49. Kc3 Nxd4 $19) 48... Nb3+ 49. Kc3 d4+ 50. exd4 (50. Kxb3 Qb5+ 51. Kc2 Qe2+ 52. Kb3 Qb5+ 53. Ka2 Qa6+ 54. Kb2 Qb5+ 55. Ka3 Qa5+ 56. Kb3 Qb5+ $11) (50. Kb4 Qa5+ 51. Kc4 Qa6+ 52. Kxb3 Qb5+ 53. Ka2 Qa6+ 54. Kb1 Qxf1+ 55. Kc2 Qe2+ 56. Kb3 Qxe3+ 57. Kb4 Qd2+ 58. Kb3 Qe3+ 59. Kb4 Qe1+ 60. Kb3 Qe3+ $11)) 45. Kxe3 Re8+ ({But not} 45... Nxa4 46. Rxc8+ Kf7 47. Rc7+ (47. Qxf2 Qh3+ 48. Qf3 Qxc8 $14) 47... Ke6 48. Qxg7 Qh3+ 49. Kxf2 Qh2+ 50. Ke1 Qh4+ 51. Rf2) 46. Kd4 Re4+ 47. Kc3 Nxa4+ {[%emt 0:00:05] Weighted Error Value: White=1.06/Black=0.39} 0-1

[Event "11th Festival Palmanova-A 2022"]
[Site "Strassoldo"]
[Date "2022.12.08"]
[Round "1.12"]
[White "Laco, Giuseppe"]
[Black "Damia, Angelo"]
[Result "0-1"]
[ECO "A13"]
[WhiteElo "1913"]
[BlackElo "2192"]
[Annotator "TA"]
[PlyCount "64"]
[EventDate "2022.12.08"]
[EventType "swiss"]
[EventCountry "ITA"]
[SourceTitle "playchess.com"]
[Source "ChessBase"]
[SourceQuality "1"]
[TimeControl "5400+30"]

1. c4 Nf6 2. Nf3 e6 3. a3 d5 4. e3 Nbd7 5. b3 Bd6 6. Nc3 {[%emt 0:01:51] A13: English Opening: 1...e6.} c6 {[%emt 0:00:06] [#]} 7. d4 $146 ({Predecessor:} 7. Be2 O-O 8. O-O e5 9. cxd5 cxd5 10. a4 Re8 11. h3 Nb8 12. Nb5 e4 13. Nfd4 Be5 14. Bb2 a6 15. Na3 Bc7 16. Rc1 Qd6 17. g3 Qd7 18. Qc2 Nc6 {0-1 (18) Faust,D (1826)-Carrizo,J (2065) FICGS email 2016}) 7... O-O 8. c5 {[%emt 0:04:01] The position is equal.} Bc7 9. b4 e5 10. Be2 Ne4 11. Nxe4 dxe4 12. Nd2 exd4 13. Nxe4 a5 {[%emt 0:00:05][%cal Ba7a5,Ba5b4][%mdl 32] Threatens to win with ...axb4.} 14. exd4 (14. Qxd4 $2 Be5 15. Qd3 Bxa1 $19) 14... axb4 (14... Re8 $5 15. Ng3 (15. Bg5 $2 f6 $19) 15... axb4 $15) 15. Bg5 Qe8 (15... f6 {is more complex.} 16. Be3 Qe7 17. Qd3 bxa3 18. O-O f5) 16. Nd6 Qe6 17. Nxc8 (17. axb4 Rxa1 18. Qxa1 Bxd6 19. cxd6 Qd5 $17) 17... Rfxc8 18. axb4 (18. O-O $15) 18... Rxa1 $17 19. Qxa1 Qd5 {[%emt 0:00:07][%csl LRg2,LRg5][%cal Od5g2] [#] ...Qxg2! is the strong threat.} (19... Re8 $6 20. Be3 $11) 20. Be3 Qxg2 21. Kd2 Nf6 {[%emt 0:00:23] And now ...Ne4+ would win. Black is more active.} (21... Bxh2 22. Qf1 Qxf1 23. Bxf1 $14) 22. Rg1 Qd5 ({And not} 22... Qxh2 23. Rh1 Qg2 24. Qf1 $15) 23. f3 $2 {[%emt 0:03:49][%mdl 8192] Now White is beyond hope.} (23. h4 $17) 23... Re8 $19 {[%emt 0:01:09][%cal Od5e6] [#] White must now prevent ...Qe6!} (23... Bxh2 $2 {too greedy.} 24. Rg2 Bc7 25. Rg5 $19) 24. Bg5 Be5 25. Be3 (25. Bc4 {might work better.} Qxc4 26. dxe5 Qxb4+ 27. Qc3 Rd8+ 28. Kc2 Qa4+ 29. Qb3) 25... Bxh2 {[%emt 0:01:26] Black is clearly winning.} 26. Rg2 Bc7 27. Bg5 Nh5 28. Bd1 Bf4+ 29. Bxf4 Nxf4 30. Rg4 h5 31. Rg1 Ne6 32. Re1 Rd8 {[%emt 0:36:22] Weighted Error Value: White=0.85/Black=0.39} ({Less strong is} 32... Qxd4+ 33. Qxd4 Nxd4 34. Rxe8+ $18) 0-1

[Event "11th Festival Palmanova-A 2022"]
[Site "Strassoldo"]
[Date "2022.12.09"]
[Round "2.1"]
[White "Savanovic, Aleksandar"]
[Black "Damia, Angelo"]
[Result "0-1"]
[ECO "B07"]
[WhiteElo "2365"]
[BlackElo "2192"]
[Annotator "TA"]
[PlyCount "62"]
[EventDate "2022.12.08"]
[EventType "swiss"]
[EventCountry "ITA"]
[SourceTitle "playchess.com"]
[Source "ChessBase"]
[SourceQuality "1"]
[TimeControl "5400+30"]

1. e4 d6 2. d4 Nf6 3. Nc3 c6 4. Nf3 Qc7 5. h3 e5 6. a4 {[%emt 0:01:30] B07: Pirc Defence: Miscellaneous Systems.} Be7 7. Bc4 O-O 8. O-O {[%emt 0:00:52] White is slightly better.} Rd8 9. d5 Nbd7 10. a5 Nf8 {[%emt 0:02:27] [#]} (10... b5 $11 11. axb6 Nxb6) 11. Re1 $146 ({Predecessor:} 11. Be3 Bd7 12. Qe2 h6 13. Bb3 Be8 14. Nd2 Ng6 15. g3 Nd7 16. h4 Bf6 17. Rfd1 {1-0 (85) Cadilhac,I (2288)-Aguilar,L (2193) Asuncion 2019}) 11... cxd5 12. Nxd5 Nxd5 13. Bxd5 (13. Qxd5 $2 Be6 14. Qd1 Qxc4 $19) 13... Be6 14. c4 Bxd5 15. Qxd5 Rac8 16. b3 Qc6 17. Qd3 Ne6 18. Be3 a6 19. g3 Nc5 20. Bxc5 Qxc5 21. h4 Rd7 22. Red1 Bd8 23. Qe2 Qb4 (23... Bxa5 $2 24. Rd5 Qb4 25. Raxa5 $18) 24. Rd3 Bxa5 25. Ra4 ({Reject} 25. Nxe5 Re7 26. Ra4 Qb6 $11) (25. h5 $14) 25... Qb6 $1 $11 (25... Qc5 $2 26. Rd5 Qb6 27. Raxa5 $18) 26. Nxe5 Re7 27. Qg4 $2 {[%emt 0:00:55][%mdl 8192] [#]} (27. c5 $11 Rxc5 28. Nc4) 27... f5 $1 $19 28. exf5 dxe5 $2 ({Black should play} 28... Rxe5 $19 29. f6 Rc7) 29. f6 $1 $11 Rf8 30. Rxa5 $4 (30. fxe7 $2 {is a self mate.} Qxf2+ 31. Kh1 Qf1+ 32. Kh2 Rf2#) (30. Rd6 $11 Qc5 31. Rd5 (31. fxe7 $2 {leads to mate.} Qxf2+ 32. Kh1 Qf1+ 33. Kh2 Rf2#)) 30... Qxa5 $19 31. fxe7 {[%emt 0:00:14] [#] aiming for Qe6+.} Qe1+ {[%emt 0:00:03][%mdl 64] Deflection, Double Attack.   Weighted Error Value: White=0.81/Black=0.23 (precise)} 0-1

[Event "11th Festival Palmanova-A 2022"]
[Site "Strassoldo"]
[Date "2022.12.09"]
[Round "2.2"]
[White "Zuttioni, Federico"]
[Black "Lekic, Dusan"]
[Result "0-1"]
[ECO "C54"]
[WhiteElo "2165"]
[BlackElo "2329"]
[Annotator "TA"]
[PlyCount "106"]
[EventDate "2022.12.08"]
[EventType "swiss"]
[EventCountry "ITA"]
[SourceTitle "playchess.com"]
[Source "ChessBase"]
[SourceQuality "1"]
[TimeControl "5400+30"]

1. e4 e5 2. Nf3 Nc6 3. Bc4 Bc5 4. c3 Nf6 5. d3 O-O 6. O-O d5 7. exd5 Nxd5 8. a4 {[%emt 0:00:32] C54: Giuoco Piano: 4 c3 Nf6, main lines with 5 d4 and 5 d3.} a5 9. Nbd2 Nb6 10. Bb5 $1 {[%emt 0:00:59] White is slightly better.} Bg4 11. h3 Bh5 {[%emt 0:00:09] [#]} 12. g4 $146 ({Predecessor:} 12. Ne4 Bd6 13. Re1 Na7 14. d4 Nxb5 15. axb5 exd4 16. Nxd6 Bxf3 17. Qxf3 Qxd6 18. Bf4 {½-½ (43) Kramnik,V (2812)-Aronian,L (2792) Paris 2016}) 12... Bg6 $36 {[%emt 0:00:32][%mdl 2048] Black has some pressure.} 13. Bxc6 bxc6 14. d4 (14. Nxe5 $11 Bxd3 15. Nxd3 Qxd3 16. Qf3 Qxf3 17. Nxf3) 14... exd4 $17 {[%emt 0:02:06] Black is more active.} 15. Nb3 Bd6 16. Nbxd4 c5 17. Nb5 {[%emt 0:05:51] [#]} Bd3 $1 18. Re1 (18. Qxd3 $2 {loses.} Bh2+ $1 19. Nxh2 Qxd3 $19) 18... Bxb5 $1 19. axb5 Qd7 20. Qc2 f5 21. g5 Qxb5 22. Bd2 c4 ({Black should play} 22... a4 $19 23. Bc1 Rfe8 24. Rxe8+ Rxe8) 23. Rad1 (23. Be3 $17 {was worth a try.}) 23... f4 24. Bc1 Rae8 25. Rxe8 Qxe8 ({Weaker is} 25... Rxe8 26. Kg2 $17) 26. Kg2 Qh5 (26... Qe6 $17 27. Re1 Qf7) 27. Qe4 $15 Re8 (27... Qf7 $15) 28. Qc6 $11 {[%emt 0:02:03] Strongly threatening Rxd6.} Rb8 29. Rd4 Qe8 30. Qxe8+ Rxe8 31. Kf1 Rf8 32. Nd2 {[%emt 0:01:16] [#]} (32. h4 $11 {remains equal.}) 32... Kf7 $1 $17 {[%emt 0:02:21] White is on the road to losing.} 33. Nxc4 Nxc4 34. Rxc4 {[%emt 0:00:05][%mdl 4096] Endgame [#] KRB-KRB} Kg6 $1 35. Ra4 Rf5 36. Kg2 Kxg5 ({Inferior is} 36... Rxg5+ 37. Kf3 $17) 37. Re4 (37. c4 $17 {was necessary.}) 37... Rd5 $19 {[%emt 0:01:19] Threatens to win with ...Rd1.} 38. Re1 {[%emt 0:00:33] Inhibits Rd1.} Kf5 39. b3 $2 (39. Rh1 {is tougher.}) 39... Rd3 40. Bb2 f3+ 41. Kf1 Rd2 42. Bc1 Rc2 43. Be3 Rxc3 44. Rb1 g5 45. Ke1 Rc2 46. Kd1 Re2 {[%emt 0:00:14] aiming for ...Bb4.} 47. Rc1 h5 {[%emt 0:00:42] ...g4 is the strong threat.} 48. Rc3 g4 49. hxg4+ hxg4 {[%emt 0:00:01] White must now prevent ...Be5.} 50. Rd3 Be5 {[%emt 0:02:14] ( -> ...Ke4)} 51. Bc5 Ke4 52. Rd8 Rb2 53. Rg8 Kd3 {[%emt 0:00:28] Weighted Error Value: White=0.42/Black=0.15 (very precise)} 0-1

[Event "11th Festival Palmanova-A 2022"]
[Site "Strassoldo"]
[Date "2022.12.09"]
[Round "2.3"]
[White "Gschiel, Alexander"]
[Black "Belli, Giorgio"]
[Result "0-1"]
[ECO "E02"]
[WhiteElo "2322"]
[BlackElo "2165"]
[Annotator "TA"]
[PlyCount "142"]
[EventDate "2022.12.08"]
[EventType "swiss"]
[EventCountry "ITA"]
[SourceTitle "playchess.com"]
[Source "ChessBase"]
[SourceQuality "1"]
[TimeControl "5400+30"]

1. Nf3 Nf6 2. c4 e6 3. g3 Be7 4. Bg2 O-O 5. O-O d5 6. d4 dxc4 7. Qa4 Bd7 8. Qxc4 Bc6 9. Nc3 Nbd7 10. a3 {[%emt 0:06:30] E02: Open Catalan: 5 Qa4+.} Nd5 11. Re1 Nxc3 12. bxc3 {[%emt 0:00:16] [#] The position is equal.} Nf6 $146 {[%emt 0:00:00] Prevents e4.} ({Predecessor:} 12... Be4 13. Nd2 Nb6 14. Qa2 Bxg2 15. Kxg2 c5 16. Nf3 Rc8 17. e4 Qc7 18. Bf4 Bd6 19. Bxd6 Qxd6 {0-1 (50) Czernek,T (2036)-Vyskocil,N (2325) Tatranska Lomnica 2017}) 13. Bf4 Bd5 14. Qa4 c5 15. Rab1 (15. h4 $11) 15... Bc6 16. Qb3 Bd5 17. c4 Be4 18. Rbd1 (18. Ne5 {is interesting.} Bxb1 19. Rxb1 Nh5 20. Qxb7 Rb8 21. Nc6) 18... Qb6 19. Qxb6 axb6 20. Bc7 Ra6 21. dxc5 bxc5 ({But not} 21... Rxa3 22. cxb6 Ra2 23. Bd6 Bxd6 24. Rxd6 $16) 22. Nd2 Bxg2 23. Kxg2 Rc8 24. Be5 Nd7 25. Bc3 Bf6 (25... Rxa3 $2 26. Nb1 Rxc3 27. Rxd7 (27. Nxc3 Ne5 $16) 27... Rxc4 28. Rxe7 $18) 26. Bxf6 Nxf6 27. Nb3 (27. e4 $11 {remains equal.}) 27... g6 ({Of course not} 27... Rxa3 28. Nxc5 $1 g6 29. Nxb7 $11) 28. Ra1 Ra4 29. Red1 Rxc4 30. Na5 $1 Rc2 31. Nxb7 Rxe2 32. a4 Rb2 {[%emt 0:00:00] Prevents a5.} (32... Ne4 $5 33. Kf3 Rb2 34. Kxe4 Rxb7 $17) 33. Nd6 Rd8 {[%emt 0:00:00] ...Ng4 is the strong threat.} (33... Ra8 $5 34. Rdc1 Ra6 $15) 34. a5 (34. Ne4 $15 Rxd1 35. Nxf6+ Kg7 36. Nh5+ gxh5 37. Rxd1) 34... Nd5 (34... Ng4 $17 {Strongly threatening ...Ne3+.} 35. Kf1 Nxh2+ 36. Kg1 Nf3+ 37. Kg2 Nd4) 35. Nc4 $15 Rc2 {[%emt 0:00:00] Black is more active.} (35... Rb7 $15) 36. Rdc1 $11 Rxc1 37. Rxc1 {[%emt 0:00:00][%mdl 4096] Endgame KRN-KRN} Ra8 38. Ra1 (38. Rb1 $11) 38... Ra6 (38... Ra7 $15) 39. Ne5 (39. Rb1 $1 $11) 39... Nb4 (39... f6 $15 40. Nc4 Kf7) 40. Nd7 (40. Rd1 $11) 40... Nc6 $15 41. Nxc5 Rxa5 42. Rc1 Ne5 43. Ne4 Ra4 44. Nd6 Ra2 45. Rc8+ Kg7 46. Ne8+ Kf8 ({Better is} 46... Kh6 $17 {Hoping for ...Ng4.} 47. Nd6 g5) 47. Nd6+ (47. Nf6+ $11 Kg7 48. Ne8+ Kh6 49. Nd6) 47... Ke7 $17 48. Ne4 f5 49. Ng5 {[%emt 0:01:37] [#] This costs White the game.} (49. Nc3 $17 Rd2 50. Kf1) 49... h6 $1 $19 50. Nh3 (50. Nf3 $142 Nd3 51. Nd4) 50... g5 51. Rc3 Ng4 52. Kg1 e5 {[%emt 0:00:44] aiming for ...e4.} 53. Rb3 e4 {[%emt 0:00:58][%cal Oe4e3] White must now prevent ...e3!} 54. Rb5 $2 (54. Rb6) 54... e3 55. fxe3 Rxh2 56. Nxg5 hxg5 57. Rxf5 {[%emt 0:00:05] [#] KRN-KR} Rg2+ $3 {[%emt 0:01:10][%mdl 512] Black mates.} 58. Kh1 Rxg3 59. e4 Ke6 60. Ra5 Nf2+ 61. Kh2 Nxe4 62. Ra6+ Kf5 63. Ra5+ Kf4 64. Ra8 Re3 65. Rf8+ Kg4 66. Ra8 Re2+ 67. Kg1 Kf3 68. Ra3+ Re3 69. Ra8 Kg3 70. Ra1 Nd2 71. Kh1 Nf3 {[%emt 0:00:14] Weighted Error Value: White=0.50/Black=0.11 (very precise)} 0-1